Map: 트라이튼 - 래더

Players

Dear

  • Race: Protoss Protoss
  • Spawn Location: 11:00

Dark - Winner!

  • Race: Zerg Zerg
  • Spawn Location: 5:00

Event: IEM Katowice 2020

VOD

Have the link to the VOD?

Description

Time

  • Played on: Feb. 27, 2020, 6:19 a.m.
  • Length: 15:23

All games in this series

Show
View Real Time Build Order
Export as new Build Order

Dear Protoss 

Build Orders: 1 Gate Expand, Oracle Opening, Phoenix Opening, Archon Immortal 

Get SALT Encoding   

  12  0:00  Probe  
  13  0:12  Probe  
  14  0:18  Pylon  
  14  0:24  Probe (Chrono Boost)  
  15  0:37  Probe (Chrono Boost)  
  16  0:44  Gateway  
  16  0:45  Probe (Chrono Boost)  
  16  0:47  Assimilator  
  17  0:51  Probe  
  18  1:03  Probe  
  19  1:15  Probe  
  20  1:23  Nexus  
  20  1:33  Cybernetics Core  
  20  1:37  Probe  
  21  1:42  Assimilator  
  21  1:49  Probe  
  21  1:54  Pylon  
  23  2:01  Probe  
  23  2:09  Adept (Chrono Boost)  
  23  2:13  Probe  
  23  2:15  Stargate  
  26  2:23  Warp Gate  
  26  2:25  Probe (Chrono Boost)  
  27  2:31  Adept  
  27  2:35  Probe (Chrono Boost)  
  30  2:38  Probe (Chrono Boost)  
  32  2:44  Probe (Chrono Boost)  
  32  2:45  Probe (Chrono Boost)  
  32  2:49  Probe (Chrono Boost)  
  33  2:52  Probe  
  35  2:59  Phoenix (Chrono Boost)  
  35  3:03  Adept  
  39  3:05  Probe  
  39  3:06  Probe  
  39  3:09  Pylon  
  41  3:17  Probe  
  41  3:18  Probe  
  41  3:19  Oracle (Chrono Boost)  
  46  3:28  Gateway  
  46  3:30  Probe x2  
  48  3:37  Pylon  
  48  3:42  Probe x2  
  48  3:44  Assimilator  
  48  3:46  Assimilator  
  48  3:48  Oracle (Chrono Boost)  
  50  3:54  Probe  
  50  3:55  Probe  
  55  3:56  Pylon  
  55  4:04  Robotics Facility  
  55  4:06  Probe  
  55  4:07  Probe  
  57  4:16  Nexus  
  57  4:19  Probe  
  57  4:20  Probe  
  57  4:24  Pylon, Oracle (Chrono Boost)  
  62  4:31  Probe  
  62  4:32  Pylon  
  63  4:43  Probe, Shield Battery  
  63  4:44  Probe  
  65  4:45  Sentry  
  67  4:53  Sentry  
  67  4:54  Observer (Chrono Boost)  
  67  4:56  Probe x2  
  72  5:03  Gateway  
  72  5:04  Gateway  
  72  5:06  Forge, Twilight Council  
  72  5:08  Probe x2  
  74  5:16  Immortal  
  74  5:20  Probe (Chrono Boost)  
  80  5:22  Probe (Chrono Boost)  
  81  5:28  Probe (Chrono Boost)  
  81  5:32  Probe (Chrono Boost)  
  81  5:35  Zealot  
  84  5:36  Protoss Ground Weapons Level 1  
  84  5:38  Probe x2 (Chrono Boost)  
  84  5:39  Probe (Chrono Boost)  
  84  5:42  Assimilator  
  86  5:43  Probe (Chrono Boost)  
  86  5:44  Probe, Assimilator  
  86  5:46  Probe  
  86  5:47  Charge  
  89  5:55  Probe, Immortal (Chrono Boost)  
  89  5:56  Probe  
  95  5:58  Probe  
  93  6:07  Probe, Templar Archives  
  93  6:08  Probe  
  93  6:10  Probe  
  94  6:14  Gateway  
  94  6:16  Gateway  
  94  6:17  Gateway  
  94  6:20  Gateway  
  94  6:27  Warp Prism (Chrono Boost)  
  94  6:29  Zealot x2  
  100  6:33  Pylon  
  100  6:37  Pylon  
  100  6:41  Pylon  
  100  6:46  Photon Cannon  
  100  6:47  Pylon  
  100  6:57  Immortal (Chrono Boost)  
  100  7:01  High Templar x4  
  108  7:06  Archon  
  108  7:07  Archon  
  108  7:13  Pylon  
  108  7:16  Pylon  
  108  7:18  Pylon, High Templar x2  
  108  7:19  Zealot x2  
  116  7:24  Archon  
  116  7:30  Immortal (Chrono Boost)  
  116  7:32  Protoss Ground Weapons Level 2 (Chrono Boost)  
  116  7:33  Pylon  
  116  7:34  Pylon  
  116  7:36  Zealot x4  
  128  7:40  Psionic Storm  
  116  7:53  Zealot x4  
  116  7:55  Pylon  
  124  8:05  High Templar x2  
  128  8:06  Immortal (Chrono Boost), Shield Battery  
  132  8:14  High Templar  
  134  8:21  High Templar  
  134  8:22  Zealot x3  
  134  8:38  Immortal (Chrono Boost)  
  134  8:41  Zealot x3  
  144  8:43  Pylon  
  144  8:44  Blink  
  144  8:55  Stalker x4  
  144  9:05  Stalker x3  
  144  9:06  Stalker  
  148  9:11  Immortal (Chrono Boost)  
  148  9:13  Archon  
  148  9:14  Archon  
  130  9:19  Stalker x3  
  130  9:20  Stalker  
  122  9:25  Nexus  
  120  9:39  High Templar x2  
  120  9:40  Zealot x2  
  128  9:46  Zealot x4  
  128  9:47  Immortal (Chrono Boost)  
  134  10:06  Archon  
  124  10:15  Zealot, Stalker  
  124  10:16  Stalker x2  
  124  10:17  Stalker x2  
  124  10:18  Stalker x2  
  133  10:29  Nexus  
  129  10:35  Probe x2  
  129  10:37  Probe  
  132  10:42  High Templar  
  132  10:43  High Templar x2  
  132  10:48  High Templar, Zealot x3  
  132  10:49  Zealot  
  138  10:57  Immortal (Chrono Boost)  
  130  11:15  Zealot x7  
  144  11:21  Stalker  
  142  11:28  Archon  
  142  11:30  Archon  
  142  11:31  Observer  
  115  11:37  High Templar  
  109  11:43  High Templar  
  109  11:44  Zealot x5  
  121  11:50  Immortal (Chrono Boost)  
  121  11:52  High Templar  
  127  11:57  Assimilator  
  127  12:00  Probe x4  
  131  12:01  Assimilator  
  131  12:05  High Templar, Zealot x2  
  131  12:06  Zealot  
  139  12:09  Shield Battery  
  139  12:10  Shield Battery  
  139  12:11  Shield Battery  
  139  12:16  High Templar  
  139  12:24  High Templar  
  139  12:25  Zealot x2  
  149  12:31  Observer (Chrono Boost)  
  143  12:44  Immortal (Chrono Boost)  
  143  12:45  Robotics Facility  
  111  13:03  High Templar x2  
  111  13:04  Zealot x6  
  121  13:19  Immortal (Chrono Boost)  
  123  13:24  Nexus  
  121  13:28  High Templar x2  
  121  13:30  Pylon  
  121  13:32  Immortal (Chrono Boost)  
  123  13:45  High Templar  
  123  13:46  Zealot x3  
  123  13:47  High Templar, Zealot  
  135  13:51  Immortal (Chrono Boost)  
  139  14:01  Warp Prism (Chrono Boost)  
  141  14:15  Zealot  
  140  14:20  Nexus  
  140  14:21  High Templar x2  
  140  14:23  Warp Prism (Chrono Boost)  
  142  14:28  Zealot  
  138  14:41  High Templar x2  
  138  14:42  Zealot  
  138  14:45  Archon  
  144  14:46  Zealot  
Show
View Real Time Build Order
Export as new Build Order

Dark Zerg - Winner!

Build Orders: Hatch First, Lurkers, Swarm Host 

Get SALT Encoding   

  12  0:00  Drone  
  13  0:12  Overlord  
  13  0:17  Drone  
  14  0:30  Drone x2  
  16  0:47  Hatchery  
  15  0:50  Drone  
  15  0:54  Drone  
  17  0:57  Drone  
  18  1:08  Extractor  
  17  1:13  Spawning Pool  
  17  1:15  Drone  
  17  1:19  Drone  
  18  1:30  Drone  
  20  1:40  Drone  
  20  1:47  Hatchery  
  20  1:51  Drone  
  20  2:00  Queen  
  22  2:02  Drone  
  22  2:07  Drone  
  24  2:15  Queen  
  24  2:21  Overlord  
  26  2:25  Drone  
  26  2:26  Drone  
  28  2:39  Queen  
  28  2:40  Drone x2  
  28  2:41  Zergling x2  
  28  2:43  Zergling x2  
  34  2:47  Drone  
  34  2:49  Metabolic Boost  
  35  2:56  Drone  
  36  3:00  Drone x2  
  36  3:04  Queen  
  40  3:10  Overlord  
  40  3:11  Drone  
  40  3:12  Drone  
  42  3:18  Spore Crawler  
  42  3:19  Zergling x2  
  42  3:20  Overlord  
  42  3:24  Spore Crawler  
  42  3:25  Zergling x2  
  42  3:28  Overlord  
  42  3:31  Drone  
  42  3:32  Drone  
  44  3:34  Drone  
  44  3:35  Drone  
  44  3:39  Drone x2  
  48  3:43  Drone x2  
  50  3:50  Overlord  
  50  3:53  Drone x3  
  53  3:57  Queen  
  53  4:00  Drone  
  53  4:01  Drone x2  
  58  4:07  Overlord  
  58  4:09  Drone x2  
  60  4:15  Lair  
  60  4:16  Extractor  
  59  4:18  Zergling x4  
  59  4:19  Zergling x4  
  59  4:23  Roach Warren  
  61  4:24  Drone x2  
  61  4:27  Drone  
  61  4:28  Drone  
  65  4:35  Drone  
  65  4:36  Drone x4  
  70  4:39  Overlord  
  70  4:41  Overlord x2  
  70  4:46  Extractor  
  70  4:47  Extractor x2  
  70  4:48  Drone x2  
  70  4:49  Drone  
  70  4:50  Drone x2  
  71  4:55  Evolution Chamber  
  71  4:56  Drone x2  
  71  4:57  Drone  
  73  5:03  Drone x2  
  75  5:09  Overlord  
  75  5:10  Drone x2  
  75  5:11  Drone  
  78  5:14  Extractor  
  78  5:15  Spore Crawler  
  78  5:17  Drone x2  
  78  5:18  Drone x2  
  78  5:19  Drone x4  
  82  5:22  Drone  
  82  5:28  Glial Reconstitution, Zerg Missile Weapons Level 1  
  81  5:32  Overlord  
  81  5:37  Drone x5  
  81  5:41  Infestation Pit  
  85  5:48  Drone x2  
  87  5:51  Hatchery  
  87  5:56  Nydus Network  
  79  6:04  Drone x2  
  79  6:05  Drone x2  
  79  6:06  Drone  
  79  6:10  Overlord x2  
  84  6:18  Swarm Host  
  84  6:19  Swarm Host x5  
  84  6:21  Swarm Host  
  84  6:23  Swarm Host  
  84  6:25  Swarm Host  
  108  6:30  Swarm Host x2  
  116  6:33  Nydus Canal  
  116  6:36  Swarm Host  
  116  6:39  Swarm Host  
  122  6:45  Overlord x2  
  122  6:46  Overlord  
  121  6:47  Zergling x10  
  124  6:54  Swarm Host  
  127  7:05  Swarm Host x2, Nydus Canal  
  127  7:06  Swarm Host x2  
  139  7:14  Roach x5  
  149  7:17  Drone x5  
  149  7:18  Drone x2  
  160  7:22  Roach  
  160  7:23  Roach  
  160  7:24  Overlord x2  
  160  7:25  Nydus Canal  
  159  7:42  Roach x7  
  159  7:43  Roach  
  175  7:46  Drone  
  175  7:47  Extractor x2  
  175  7:48  Zerg Missile Weapons Level 2  
  175  7:50  Nydus Canal  
  174  7:52  Overlord x3  
  174  7:53  Overlord  
  174  7:57  Drone  
  175  8:05  Nydus Canal  
  174  8:23  Roach x11  
  196  8:27  Spine Crawler, Ravager x4  
  196  8:28  Spine Crawler  
  195  8:49  Swarm Host  
  195  8:50  Swarm Host x2  
  198  8:56  Nydus Canal  
  198  8:58  Hive  
  198  9:00  Hydralisk Den  
  192  9:16  Roach x14  
  196  9:17  Zergling x12  
  196  9:18  Zergling x4  
  192  9:31  Roach x5  
  200  9:37  Zergling x2  
  200  9:38  Zergling x12  
  188  9:43  Grooved Spines, Hydralisk  
  188  9:44  Lurker Den, Hydralisk x5  
  196  9:56  Nydus Canal  
  196  10:02  Hydralisk x3  
  178  10:14  Hydralisk x9  
  192  10:23  Hydralisk  
  192  10:25  Roach x3  
  192  10:26  Roach x2  
  190  10:32  Zergling x2  
  190  10:33  Zergling x16  
  199  10:42  Adaptive Talons  
  199  10:44  Zergling x2  
  200  10:53  Nydus Canal  
  200  10:54  Muscular Augments  
  200  10:56  Zergling x10  
  198  11:07  Hydralisk  
  198  11:10  Nydus Canal  
  198  11:13  Zerg Missile Weapons Level 3  
  198  11:14  Zergling x2  
  175  11:34  Hydralisk x4  
  175  11:36  Zergling x22  
  175  11:39  Seismic Spines  
  170  11:50  Zergling x2  
  170  11:51  Zergling x22  
  182  11:58  Lurker  
  182  11:59  Lurker x8  
  191  12:02  Overseer  
  191  12:03  Lurker, Drone  
  193  12:09  Overseer  
  193  12:16  Nydus Canal  
  193  12:19  Hydralisk x3  
  193  12:38  Drone x2  
  188  12:44  Hydralisk x3  
  158  12:58  Hydralisk x12  
  158  12:59  Hydralisk  
  158  13:01  Nydus Canal  
  158  13:05  Drone x4  
  182  13:13  Zergling x16  
  189  13:20  Spine Crawler  
  189  13:21  Hatchery  
  189  13:22  Spine Crawler  
  189  13:26  Zergling x8  
  190  13:29  Nydus Canal  
  189  13:35  Zergling x20  
  197  13:43  Drone x2  
  197  13:52  Pathogen Glands  
  195  13:56  Zergling x14  
  198  14:03  Nydus Canal  
  194  14:20  Drone x3  
  194  14:22  Spine Crawler  
  194  14:23  Spine Crawler  
  195  14:29  Lurker x5  
  195  14:30  Lurker x4  
  199  14:39  Overlord  
  199  15:13  Nydus Canal  

Tags
 
Add a new tag
Caveats
  • Supply blocks, unpowered buildings, or Contaminate may cause inaccurate times.
  • Supply counts are checked every 10 seconds.